 Dungeon Crawl Stone Soup version 0.21-a0-154-gb5400c9 (webtiles) character file.

184 froobite the Skirmisher (level 5, 0/70 HPs)
             Began as a Minotaur Berserker on Aug 2, 2017.
             Was a Believer of Trog.
             Killed by nerve-wracking pain
             ... invoked by an orc priest
              (8 damage)
             ... on level 4 of the Dungeon.
             The game lasted 00:08:17 (2307 turns).

froobite the Skirmisher (Minotaur Berserker)        Turns: 2307, Time: 00:08:19

Health: 0/70       AC: 11    Str: 28    XL:     5   Next: 36%
Magic:  4/4        EV:  5    Int:  4    God:    Trog [**....]
Gold:   167        SH: 14    Dex:  9    Spells: 4/4 levels left

rFire    . . .     SeeInvis .   n - +2 spear (vamp)
rCold    . . .     Gourm    .   l - +0 large shield
rNeg     . . .     Faith    .   o - +0 chain mail
rPois    .         Spirit   .   (helmet restricted)
rElec    .         Reflect  .   (no cloak)
rCorr    .         Harm     .   r - +0 pair of gloves
MR       .....                  v - +0 pair of boots
Stlth    ..........             (no amulet)
HPRegen  0.21/turn              i - ring of wizardry
MPRegen  0.09/turn              (no ring)

@: berserking, very quick
A: retaliatory headbutt, horns 2
a: Berserk, Trog's Hand, Burn Spellbooks, Renounce Religion


You were on level 4 of the Dungeon.
You worshipped Trog.
Trog was pleased with you.
You were not hungry.

You visited 1 branch of the dungeon, and saw 4 of its levels.

You collected 167 gold pieces.

Inventory:

Hand Weapons
 a - a +0 falchion
 n - a +2 vampiric spear (weapon)
 t - a +1 quarterstaff of speed
Armour
 b - a +0 animal skin
 d - a +0 leather armour
 l - a +0 large shield (worn)
 o - a +0 chain mail (worn)
 r - a +0 pair of gloves (worn)
 v - a +0 pair of boots (worn)
Jewellery
 i - a ring of wizardry (left hand)
 w - an uncursed ring of poison resistance {unknown}
Wands
 q - a wand of acid (7/15)
Scrolls
 e - 2 scrolls of remove curse
 s - a scroll of magic mapping {unknown}
 x - 4 scrolls of teleportation
Potions
 g - a potion of berserk rage {unknown}
 j - 3 potions of curing
 k - 2 potions of degeneration {unknown}
 m - a potion of haste {unknown}
 p - 2 potions of brilliance {unknown}
 u - a potion of heal wounds {unknown}
 z - a potion of mutation {unknown}
Comestibles
 c - 3 bread rations
 f - a royal jelly
 h - 2 meat rations


   Skills:
 + Level 4.7 Fighting
 + Level 4.5 Long Blades
 + Level 2.6 Polearms
 + Level 3.1 Armour
 + Level 2.6 Dodging
 + Level 2.5 Shields


You had 4 spell levels left.
You didn't know any spells.

Dungeon Overview and Level Annotations

Branches:
Dungeon (4/15)
 Temple: D:4-7

Altars:
Dithmenos
Nemelex Xobeh
Yredelemnul


Innate Abilities, Weirdness & Mutations

You reflexively headbutt those who attack you in melee.
You have a pair of horns on your head.


Message History

The orc wizard hits you but does no damage.
The orc wizard hits you with a dagger.
* * * LOW HITPOINT WARNING * * *
The orc wizard points at you and mumbles some strange words.
The magic dart hits you! The orc barely misses you.
You block the jackal's attack. You block the orc's attack.
You closely miss the orc wizard.
The orc wizard is moderately wounded.
You block the orc wizard's attack. You block the orc's attack.
The orc wizard hits you but does no damage.
You block the jackal's attack.
The orc wizard hits you but does no damage.
You puncture the orc wizard!
You feel better.
You kill the orc wizard!
Trog accepts your kill.
Trog appreciates your killing of a magic user.
The orc hits you but does no damage. You block the orc's attack.
The orc priest calls down the wrath of Beogh upon you.
Pain shoots through your body!
You die...

#.####.####.#.#
#...........#.# #####
#############.##
.(.... .............
......#####
######.#####
......#...# #.#
..........#########.#
.......ooo'......†..#
......o)@.#.....#####
.......oho#.....#
....##....#.....# ...
#...##.....# ..
#...##..[..#
############


You could see an orc priest, 2 orc wizards, 3 orcs and a jackal.

Vanquished Creatures
  An orc wizard (D:4)
  A worker ant (D:4)
  3 gnolls (D:2)
  4 adders
  2 oozes
  A worm (D:2)
  A dart slug (D:2)
  A leopard gecko (D:2)
  An orc (D:4)
  3 giant cockroaches
  5 goblins
  6 hobgoblins
  6 jackals
  5 kobolds
  2 quokkas (D:2)
  4 bats
  6 frilled lizards
  3 rats (D:2)
55 creatures vanquished.

Notes
Turn   | Place    | Note
-------+----------+-------------------------------------------
     0 | D:1      | froobite the Minotaur Berserker began the quest for the Orb.
     0 | D:1      | Reached XP level 1. HP: 19/19 MP: 0/0
   743 | D:2      | Reached XP level 2. HP: 27/27 MP: 1/1
  1021 | D:2      | Reached XP level 3. HP: 27/34 MP: 2/2
  1500 | D:2      | Reached XP level 4. HP: 36/41 MP: 3/3
  1517 | D:2      | Reached skill level 1 in Polearms
  1517 | D:2      | Reached skill level 1 in Shields
  1723 | D:3      | Found a shadowy altar of Dithmenos.
  1773 | D:3      | Reached ** piety under Trog
  1889 | D:3      | Found a sparkling altar of Nemelex Xobeh.
  2051 | D:3      | Found a basalt altar of Yredelemnul.
  2206 | D:4      | Reached XP level 5. HP: 35/47 MP: 4/4
  2307 | D:4      | Killed from afar by an orc priest

Vault maps used:
D:1:      dpeg_arrival_tiny_b, minmay_pentomino_t2
D:3:      lemuel_round_altar, nicolae_overflow_crystal_walls, lemuel_round_altar
D:4:      minmay_temple_entry_mist, roderic_lattice_a

Skill      XL: |  1  2  3  4  5 |
---------------+----------------+-----
Fighting       | 4 |  4.7
Long Blades    | 4 |  4.5
Polearms       | 2 |  2.6
Shields        | 2 |  2.5
Armour         | 3 |  3.1
Dodging        | |  2.6

Action                   |  1- 3 |  4- 6 || total
-------------------------+-------+-------++-------
Melee: Falchion          |    62 |       ||    62
       Headbutt          |    12 |     9 ||    21
       Spear             |    26 |    74 ||   100
Invok: Berserk           |       |     1 ||     1
  Use: Scroll            |     3 |     1 ||     4
  Eat: Chunk             |     1 |     1 ||     2
       Meat ration       |     1 |       ||     1
       Bread ration      |       |     1 ||     1
Armor: Animal skin       |     3 |       ||     3
       Chain mail        |    18 |    62 ||    80
       Leather armour    |     1 |       ||     1
Dodge: Dodged            |    28 |    21 ||    49
Block: Large shield      |    55 |    70 ||   125
       Rpst.: Falchion   |     6 |       ||     6
